 Dungeon Sprint DCSS version 0.31-a0-833-gc15d34cb79 (webtiles) character file.

Game seed: 10622167319982151241

3991701 BigDaddyOpFi the End of an Era (level 23, 172/240 HPs)
             Began as a Hill Orc Monk on Sept 25, 2023.
             Was the Champion of Qazlal.
             Escaped with the Orb
             ... and 3 runes!
             The game lasted 00:33:03 (16900 turns).

BigDaddyOpFi the End of an Era (Hill Orc Monk)     Turns: 16900, Time: 00:33:03

Health: 172/240    AC: 46    Str: 34    XL:     23   Next: 0%
Magic:  35/35      EV: 21    Int:  8    God:    Qazlal [******]
Gold:   202        SH: 41    Dex: 16    Spells: 57/57 levels left

rFire   + + +        C - +11 broad axe "Yrisofi" {pain, rElec Stlth+}
rCold   x x .        T - +3 tower shield {AC+3}
rNeg    + + +        S - +4 gold dragon scales
rPois   +            U - +4 helmet
rElec   +            M - +2 cloak {rPois}
rCorr   .            E - +2 pair of gloves
SInv    +            F - +2 pair of boots
Will    ++...        R - amulet of the Jackalope {Reflect rN+++ Str-3 Dex+5 SH+5}
Stlth   +            d - ring "Baehara" {Drain rF+++ rC- Str+6 Slay+5 SInv}
HPRegen 0.60/turn    X - ring of Coheukio {Contam rC- Str+6 Slay+4 Stlth+}
MPRegen 0.24/turn

%: no teleportation, repel missiles, reflection
@: no status effects
A: hooves 1, clumsy 1, deformed body, deterioration 2, dopey 1, low MP 2,
strong-willed 1, cold vulnerability 1, MP-powered wands
0: Orb of Zot
}: 3/3 runes: silver, golden, iron
a: Renounce Religion, Upheaval, Elemental Force, Disaster Area


You escaped.
You worshipped Qazlal.
Qazlal was exalted by your worship.
You visited 1 branch You collected 202 gold pieces.

Inventory:

Hand Weapons
 C - the +11 broad axe "Yrisofi" (weapon) {pain, rElec Stlth+}
   (You found it in the Dungeon)

   rElec:     It insulates you from electricity.
   Stlth+:    It makes you more stealthy.
Armour
 E - a +2 pair of gloves (worn)
 F - a +2 pair of boots (worn)
 M - a +2 cloak of poison resistance (worn)
 S - +4 gold dragon scales (worn)
 T - a +3 tower shield of protection (worn)
 U - a +4 helmet (worn)
Jewellery
 d - the ring "Baehara" (left hand) {Drain rF+++ rC- Str+6 Slay+5 SInv}
   (You found it in the Dungeon)

   [ring of strength]

   Str+6:     It affects your strength (+6).
   Slay+5:    It affects your accuracy & damage with ranged weapons and melee
   (+5).
   rF+++:     It renders you almost immune to fire.
   rC-:       It makes you vulnerable to cold.
   SInv:      It lets you see invisible.
   Drain:     It drains your maximum health when unequipped.
 i - an amulet of magic regeneration
 p - the amulet "Nyzuuqet" {*Slow rPois Regen+ Int+8 Dex+4}
   (You found it in the Dungeon)

   [amulet of regeneration]

   Int+8:     It affects your intelligence (+8).
   Dex+4:     It affects your dexterity (+4).
   rPois:     It protects you from poison Regen+: It increases your rate of
   health regeneration.
   *Slow:     It may slow you when you take damage.
 t - the ring of Udeilin {rElec rPois rF- Will+ Int+2}
   (You found it in the Dungeon)

   [ring of willpower]

   Int+2:     It affects your intelligence (+2).
   rF-:       It makes you vulnerable to fire.
   rElec:     It insulates you from electricity.
   rPois:     It protects you from poison Will+: It increases your willpower.
 u - a ring of flight
 A - a ring of wizardry
 G - the amulet of Yleigg {RegenMP rF- MP+9 Int-3 SInv}
   (You found it in the Dungeon)

   [amulet of magic regeneration]

   RegenMP:   It increases your rate of magic regeneration.
   Int-3:     It affects your intelligence (-3).
   rF-:       It makes you vulnerable to fire.
   MP+9:      It affects your magic capacity (+9).
   SInv:      It lets you see invisible.
 H - the ring "Gigh" {Will+ Int+2}
   (You found it in the Dungeon)

   [ring of willpower]

   Int+2:     It affects your intelligence (+2).
   Will+:     It increases your willpower.
 J - the ring "Xerigoe" {rPois rN+}
   (You found it in the Dungeon)

   [ring of poison resistance]

   rPois:     It protects you from poison rN+: It protects you from negative
   energy.
 L - the amulet "Gyotuny" {Spirit Str+3 Dex+2 SInv}
   (You found it in the Dungeon)

   [amulet of guardian spirit]

   Spirit:    It causes incoming damage to be divided between your reserves of
   health and magic.
   Str+3:     It affects your strength (+3).
   Dex+2:     It affects your dexterity (+2).
   SInv:      It lets you see invisible.
 P - the ring "Ifoosegu" {Fire Will+}
   (You found it in the Dungeon)

   [ring of fire]

   Fire:      It enhances your fire magic.
   rF+:       It protects you from fire.
   rC-:       It makes you vulnerable to cold.
   Will+:     It increases your willpower.
 Q - the ring of Woynn {rN+ MP+9 Str+3 SInv}
   (You found it in the Dungeon)

   [ring of magical power]

   Str+3:     It affects your strength (+3).
   rN+:       It protects you from negative energy.
   MP+9:      It affects your magic capacity (+9).
   SInv:      It lets you see invisible.
 R - the amulet of the Jackalope (around neck) {Reflect rN+++ Str-3 Dex+5 SH+5}
   (You found it in the Dungeon)

   [amulet of reflection]

   Reflect:   It reflects blocked missile attacks.
   Str-3:     It affects your strength (-3).
   Dex+5:     It affects your dexterity (+5).
   rN+++:     It renders you almost immune to negative energy.
   SH+5:      It affects your SH (+5).
 V - the ring "Loanuf" {Str+6 Stlth+}
   (You found it in the Dungeon)

   [ring of strength]

   Str+6:     It affects your strength (+6).
   Stlth+:    It makes you more stealthy.
 W - the ring "Xamnucs" {rPois AC+6}
   (You found it in the Dungeon)

   [ring of protection]

   AC+6:      It affects your AC (+6).
   rPois:     It protects you from poison
 X - the ring of Coheukio (right hand) {Contam rC- Str+6 Slay+4 Stlth+}
   (You found it in the Dungeon)

   [ring of strength]

   Str+6:     It affects your strength (+6).
   Slay+4:    It affects your accuracy & damage with ranged weapons and melee
   (+4).
   rC-:       It makes you vulnerable to cold.
   Contam:    It causes magical contamination when unequipped.
   Stlth+:    It makes you more stealthy.
 Y - the ring of the Mertaur {rCorr Int+6 Dex+2}
   (You found it in the Dungeon)

   [ring of intelligence]

   Int+6:     It affects your intelligence (+6).
   Dex+2:     It affects your dexterity (+2).
   rCorr:     It protects you from acid and corrosion.
 Z - a +5 ring of slaying
Talismans
 a - a flux talisman
Wands
 v - a wand of digging (11)
 I - a wand of charming (7)
 K - a wand of flame (9)
 N - a wand of quicksilver (14)
 O - a wand of iceblast (16)
Scrolls
 b - 9 scrolls of identify
 j - 7 scrolls of blinking
 l - 3 scrolls of vulnerability
 m - 8 scrolls of amnesia
 n - a scroll of summoning
 w - 4 scrolls of fear
 x - a scroll of poison
 y - 3 scrolls of immolation
 z - a scroll of brand weapon
 D - 3 scrolls of fog
Potions
 c - a potion of ambrosia
 e - 14 potions of curing
 f - 32 potions of heal wounds
 g - 8 potions of haste
 h - 5 potions of magic
 k - 3 potions of invisibility
 o - 4 potions of resistance
 q - 2 potions of enlightenment
 r - 2 potions of mutation
 s - 5 potions of brilliance
 B - 2 potions of berserk rage


   Skills:
 O Level 27 Fighting
 O Level 27 Axes
 O Level 27 Maces & Flails
 O Level 27 Polearms
 O Level 27 Armour
 O Level 27 Dodging
 O Level 27 Stealth
 O Level 27 Shields
 - Level 7.7 Unarmed Combat
 * Level 17.7 Spellcasting
 O Level 27 Invocations
 O Level 27 Evocations
 O Level 27 Shapeshifting


You had 57 spell levels left.
You didn't know any spells.
Your spell library contained the following spells:

 Spells                   Type           Power      Damage    Failure   Level
 Freeze                   Ice            28%        1d5       30%         1
 Necrotise                Necr           28%        1d5       30%         1
 Sting                    Tmut/Pois      28%        1d4       30%         1
 Summon Small Mammal      Summ           28%        N/A       30%         1
 Cigotuvi's Dreadful Rot  Necr/Pois/Air  14%        N/A       43%         2
 Lesser Beckoning         Tloc           14%        N/A       43%         2
 Momentum Strike          Conj/Tloc      14%        3d8       43%         2
 Static Discharge         Conj/Air       14%        2-3/arc   43%         2
 Sublimation of Blood     Necr           7%         N/A       43%         2
 Wereblood                Tmut           7%         N/A       43%         2
 Call Canine Familiar     Summ           7%         N/A       67%         3
 Frozen Ramparts          Ice            14%        1d3       67%         3
 Gell's Gravitas          Tloc           7%         N/A       67%         3
 Hailstorm                Conj/Ice       7%         3d4       67%         3
 Inner Flame              Hex/Fire       7%         N/A       67%         3
 Stone Arrow              Conj/Erth      14%        3d7       67%         3
 Summon Guardian Golem    Hex/Summ       7%         N/A       67%         3
 Teleport Other           Tloc           7%         N/A       67%         3
 Airstrike                Air            3%         2d(1-17)  97%         4
 Anguish                  Hex/Necr       3%         N/A       97%         4
 Animate Dead             Necr           7%         N/A       97%         4
 Cause Fear               Hex            3%         N/A       97%         4
 Flame Wave               Conj/Fire      7%         2d5       97%         4
 Leda's Liquefaction      Hex/Erth       3%         N/A       97%         4
 Manifold Assault         Tloc           7%         N/A       97%         4
 Olgreb's Toxic Radiance  Pois           7%         N/A       97%         4
 Petrify                  Tmut/Erth      7%         N/A       97%         4
 Sticky Flame             Conj/Fire      7%         2d3       97%         4
 Summon Lightning Spire   Summ/Air       7%         N/A       97%         4
 Vhi's Electric Charge    Tloc/Air       14%        N/A       97%         4
 Agony                    Necr           7%         N/A       100%        5
 Arcjolt                  Conj/Air       3%         1d13      100%        5
 Freezing Cloud           Conj/Ice/Air   3%         6-21      100%        5
 Irradiate                Conj/Tmut      3%         3d12      100%        5
 Lee's Rapid Deconstruct  Erth           3%         3d5*      100%        5
 Summon Forest            Summ/Tloc      3%         N/A       100%        5
 Summon Mana Viper        Hex/Summ       7%         N/A       100%        5
 Bombard                  Conj/Erth      3%         9d1       100%        6
 Conjure Ball Lightning   Conj/Air       3%         3x3d6     100%        6
 Death Channel            Necr           3%         N/A       100%        6
 Dispersal                Tloc           3%         N/A       100%        6
 Eringya's Noxious Bog    Tmut/Pois      3%         4d6       100%        6
 Plasma Beam              Fire/Air       3%         2x1d13    100%        6
 Simulacrum               Ice/Necr       3%         N/A       100%        6
 Summon Cactus Giant      Summ           3%         N/A       100%        6
 Enfeeble                 Hex            3%         N/A       100%        7
 Haunt                    Necr/Summ      3%         N/A       100%        7
 Ozocubu's Refrigeration  Ice            3%         4d8       100%        7
 Discord                  Hex            3%         N/A       100%        8
 Disjunction              Tloc           3%         N/A       100%        8
 Ignition                 Fire           3%         3d4       100%        8
 Dragon's Call            Summ           3%         N/A       100%        9
 Shatter                  Erth           3%         3d7*      100%        9


Dungeon Overview and Level Annotations

Branches:
Dungeon (1/1)

Altars:
Ashenzari
Cheibriados
Dithmenos
Elyvilon
Fedhas
Gozag
Hepliaklqana
Kikubaaqudgha
Makhleb
Nemelex Xobeh
Okawaru
Qazlal
Ru
Sif Muna
Trog
Uskayaw
Vehumet
Wu Jian
Xom
Yredelemnul
Zin
The Shining One
Beogh
Jiyva
Lugonu


Innate Abilities, Weirdness & Mutations

You have large cloven feet.
You are clumsy. (Dex -2)
Armour fits poorly on your strangely shaped body.
Your body often deteriorates upon taking damage.
You are dopey. (Int -2)
Your magical capacity is very low. (-20% MP)
You are strong-willed. (Will+)
You are vulnerable to cold. (rC-)
You expend magic power (3 MP) to strengthen your wands.


Message History

The sun demon is lightly wounded.
You barely miss the sun demon. You block the sun demon's attack. x2
You slice the sun demon like a ripe choko!!!
The sun demon is severely wounded.
You slice the sun demon!! You block the sun demon's attack. x2
You open the sun demon like a pillowcase!!!
You kill the sun demon!
Qazlal accepts your kill.
You miss the sun demon. You block the sun demon's attack.
You slash the sun demon!
The sun demon is heavily wounded.
You block the sun demon's attack.
You closely miss the sun demon.
The sun demon is heavily wounded.
You slash the sun demon! You block the sun demon's attack. x2
You slice the sun demon!!
You kill the sun demon!
Qazlal accepts your kill.
You slash the sun demon!
The sun demon hits you but does no damage.
You have reached level 23!
You slice the sun demon!!
You kill the sun demon!
Qazlal accepts your kill.
You see here a +0 demon whip of freezing.
You see here a +2 demon trident of electrocution.
Your protection from fire is fading.
You see here a +2 demon whip of draining.
There is an open door to the Entrance Hall (Safe), spattered with blood here.
You see here a +3 scythe of protection.
You feel less protected from fire.
Things that are here:
a +0 demon whip of flaming; a +0 demon whip of venom You see here a +0 tower shield.
There is a staircase leading out of the dungeon, spattered with blood here.
Things that are here:
a +5 scimitar of holy wrath; a +0 robe You can't go down here!
Unknown command.
You have escaped!

##########.##................++..
#...........'..))...)........++..
#'#####'#####......#).#......##..
#.#.....#..##..[)............##..
#.#.....#))#####)#####''#########
#.###)###))##.[.....##''# ##### #
#.#.....#))##.°.)§..##..###...###
#.#.....#[.##..☼[§).##...##...##.
#.####)##'###.§.@)..###...##'##..
#.#..))....##....○).# ##...).....
#.#........##.......# #..###'###.
#)###########.......##).##.....##
#))#.#.##[)###########..+.......+
#)).....#.############..##.....##
##)#.#.##)#.)..#....###..###'###.
#.).....#'#.)..#...[# ##.........
##.#.#.##)÷.).)'..))# #...##)##..


There were no monsters in sight!

Vanquished Creatures
  Asmodeus (D)
  Dissolution (D)
  Lom Lobon (D)
  Mnoleg (D)
  6 orbs of fire (D)
  6 ancient liches (D)
  Mennas (D)
  5 royal mummies (D)
  13 pandemonium lords (D)
  Boris (twice) (D)
  A Killer Klown (D)
  Margery (D)
  Xtahua (D)
  Frederick (D)
  3 golden dragons (D)
  2 profane servitors (D)
  Nikola (D)
  Jory (D)
  2 electric golems (D)
  2 pearl dragons (D)
  4 Tzitzimimeh (D)
  2 bone dragons (D)
  4 Brimstone Fiends (D)
  A hellephant (D)
  2 liches (D)
  2 Hell Sentinels (D)
  5 Ice Fiends (D)
  A tentacled monstrosity (D)
  3 deep elf blademasters (D)
  20 titans (D)
  2 sphinxes (D)
  2 acid blobs (D)
  41 Orb Guardians (D)
  A death cob (D)
  6 deep elf master archers (D)
  5 Executioners (D)
  4 quicksilver dragons (D)
  2 storm dragons (D)
  Frances (D)
  2 daevas (D)
  An azure jelly (D)
  3 draconian monks (D)
  A shadow dragon (D)
  21 frost giants (D)
  3 rockslimes (D)
  An iron dragon (D)
  A demonspawn warmonger (D)
  10 fire giants (D)
  4 nagarajas (D)
  5 deep elf sorcerers (D)
  8 balrugs (D)
  An emperor scorpion (D)
  6 cacodemons (D)
  4 ghost moths (D)
  A draconian shifter (D)
  A demonspawn corrupter (D)
  A spriggan defender (D)
  Louise (D)
  2 angels (D)
  A reaper (D)
  3 demonspawn blood saints (D)
  22 orc warlords (D)
  2 draconian stormcallers (D)
  3 war gargoyles (D)
  An ophan (D)
  4 green draconians (D)
  9 stone giants (D)
  A black draconian (D)
  3 deep elf demonologists (D)
  2 deep elf annihilators (D)
  An apis (D)
  A purple draconian (D)
  A minotaur (D)
  A vampire knight (D)
  A lorocyproca (D)
  A dire elephant (D)
  2 white draconians (D)
  3 yellow draconians (D)
  13 ettins (D)
  A merfolk impaler (D)
  4 blizzard demons (D)
  5 green deaths (D)
  3 fire dragons (D)
  Erolcha (D)
  A deep elf high priest (D)
  A rakshasa (D)
  6 great orbs of eyes (D)
  3 hydras (D)
  3 ice dragons (D)
  6 vault guards (D)
  An ogre mage (D)
  2 spriggan air magi (D)
  2 merfolk avatars (D)
  2 dancing weapons (D)
  An alligator snapping turtle (D)
  4 naga warriors (D)
  A death knight (D)
  5 orc high priests (D)
  A demonic crawler (D)
  2 vampire magi (D)
  6 deep elf knights (D)
  12 hell knights (D)
  17 sun demons (D)
  5 soul eaters (D)
  8 sixfirhies (D)
  A sea snake (D)
  A cherub (D)
  5 skeletal warriors (D)
  3 shadow demons (D)
  3 bog bodies (D)
  2 swamp dragons (D)
  A phantasmal warrior (D)
  A deep elf archer (D)
  A deep elf pyromancer (D)
  3 necromancers (D)
  3 wizards (D)
  A mana viper (shapeshifter) (D)
  25 orc knights (D)
  2 deep elf zephyrmancers (D)
  13 cyclopes (D)
  5 orc sorcerers (D)
  2 guardian serpents (D)
  2 elephants (D)
  A moth of wrath (D)
  6 molten gargoyles (D)
  5 rust devils (D)
  An orange demon (D)
  2 smoke demons (D)
  A cane toad (D)
  A gargoyle (D)
  An unseen horror (D)
  A yaktaur (D)
  A freezing wraith (D)
  3 hellions (D)
  2 rime drakes (D)
  4 tormentors (D)
  3 ice devils (D)
  4 merfolk (D)
  A wind drake (D)
  5 hellwings (D)
  3 wandering mushrooms (D)
  2 tyrant leeches (D)
  A troll (D)
  A tarantella (D)
  A hornet (D)
  A raiju (shapeshifter) (D)
  4 blink frogs (D)
  24 dream sheep (D)
  2 snapping turtles (D)
  2 spriggans (D)
  A wraith (D)
  2 ynoxinuls (D)
  2 fire elementals (D)
  A water elemental (D)
  2 basilisks (D)
  5 yaks (D)
  A golden eye (D)
  A chaos spawn (D)
  A small abomination (D)
  4 wargs (D)
  7 redbacks (D)
  Edmund (D)
  A naga (D)
  A hell hound (D)
  3 floating eyes (D)
  A swamp drake (D)
  An ice beast (D)
  19 orc warriors (D)
  A black bear (D)
  A phantom (D)
  9 large abominations (D)
  A kobold brigand (D)
  A bullfrog (D)
  4 gnoll sergeants (D)
  A scorpion (D)
  A jelly (D)
  2 gnoll boudas (D)
  A hound (D)
  2 orc wizards (D)
  A hell rat (D)
  25 gnolls (D)
  A river rat (D)
  An ufetubus (D)
  An adder zombie (D)
  An adder skeleton (D)
  12 orcs (D)
  A bat (D)
  A bat zombie (D)
  2 giant cockroaches (D)
  A goblin (D)
  A hobgoblin (D)
  A quokka (D)
  A ball python (D)
  2 bat simulacra (D)
  A jackal simulacrum (D)
  3 quokka zombies (D)
706 creatures vanquished.

Vanquished Creatures (collateral kills)
  A pandemonium lord (D)
  An Orb Guardian (D)
  A blizzard demon (D)
3 creatures vanquished.

Vanquished Creatures (others)
  2 Orb Guardians (D)
  A draconian monk (D)
  An angel (D)
  A blizzard demon (D)
  A green death (D)
  3 hell knights (D)
  A red devil (D)
  A giant cockroach zombie (D)
11 creatures vanquished.

Grand Total: 720 creatures vanquished

Notes
Turn   | Place    | Note
-------+----------+-------------------------------------------
     0 | D        | BigDaddyOpFi the Hill Orc Monk began the quest for the Orb.
     0 | D        | Reached XP level 1. HP: 19/19 MP: 1/1
    19 | D        | Found a bloodstained altar of Trog.
    19 | D        | Found a shimmering blue altar of Sif Muna.
    19 | D        | Found a viscous altar of Jiyva.
    19 | D        | Found a hazy altar of Hepliaklqana.
    19 | D        | Found an opulent altar of Gozag.
    20 | D        | Found a glowing golden altar of the Shining One.
    20 | D        | Found a glowing silver altar of Zin.
    20 | D        | Found a basalt altar of Yredelemnul.
    20 | D        | Found a shimmering altar of Xom.
    20 | D        | Found an ornate altar of the Wu Jian Council.
    20 | D        | Found a sacrificial altar of Ru.
    20 | D        | Found a stormy altar of Qazlal.
    20 | D        | Found an iron altar of Okawaru.
    20 | D        | Found a sparkling altar of Nemelex Xobeh.
    20 | D        | Found a burning altar of Makhleb.
    20 | D        | Found a blossoming altar of Fedhas.
    20 | D        | Found a white marble altar of Elyvilon.
    20 | D        | Found a shadowy altar of Dithmenos.
    20 | D        | Found a snail-covered altar of Cheibriados.
    22 | D        | Found a corrupted altar of Lugonu.
    22 | D        | Found a radiant altar of Vehumet.
    22 | D        | Found a roughly hewn altar of Beogh.
    23 | D        | Found an ancient bone altar of Kikubaaqudgha.
    23 | D        | Found a hide-covered altar of Uskayaw.
    23 | D        | Found a broken altar of Ashenzari.
    26 | D        | Became a worshipper of Qazlal Stormbringer
    26 | D        | Reached * piety under Qazlal
    26 | D        | Reached ** piety under Qazlal
    71 | D        | Reached skill level 5 in Axes
    71 | D        | Reached XP level 2. HP: 20/28 MP: 2/2
   213 | D        | Reached *** piety under Qazlal
   214 | D        | Reached skill level 1 in Invocations
   228 | D        | Noticed a gnoll sergeant
   236 | D        | Reached **** piety under Qazlal
   237 | D        | Reached skill level 5 in Fighting
   237 | D        | Reached XP level 3. HP: 36/36 MP: 3/5
   241 | D        | Killed a gnoll sergeant
   242 | D        | Reached XP level 4. HP: 44/44 MP: 3/8
   250 | D        | Reached XP level 5. HP: 16/51 MP: 4/10
   412 | D        | Noticed a kobold brigand
   412 | D        | Noticed Edmund
   413 | D        | Noticed a black bear
   419 | D        | Killed a kobold brigand
   424 | D        | Reached ***** piety under Qazlal
   425 | D        | Reached skill level 5 in Dodging
   426 | D        | Killed a black bear
   427 | D        | Reached skill level 10 in Invocations
   427 | D        | Reached XP level 6. HP: 61/61 MP: 10/13
   435 | D        | Killed Edmund
   436 | D        | Reached XP level 7. HP: 69/69 MP: 11/15
   450 | D        | Reached ****** piety under Qazlal
   503 | D        | Noticed a warg
   513 | D        | Killed a warg
   514 | D        | Reached skill level 10 in Axes
   534 | D        | Noticed a molten gargoyle
   545 | D        | Killed a molten gargoyle
   546 | D        | Reached skill level 10 in Fighting
   546 | D        | Reached XP level 8. HP: 10/79 MP: 16/18
  1181 | D        | Noticed a blink frog
  1181 | D        | Noticed a blink frog
  1181 | D        | Noticed a blink frog
  1181 | D        | Noticed a blink frog
  1181 | D        | Noticed an eight-headed hydra
  1182 | D        | Killed a blink frog
  1182 | D        | Killed a blink frog
  1182 | D        | Killed a blink frog
  1182 | D        | Killed a blink frog
  1183 | D        | Reached skill level 15 in Invocations
  1183 | D        | Reached XP level 9. HP: 89/89 MP: 10/20
  1184 | D        | Killed an eight-headed hydra
  1463 | D        | Noticed a smoke demon
  1465 | D        | Noticed an elephant
  1466 | D        | Killed a smoke demon
  1467 | D        | Reached XP level 10. HP: 79/100 MP: 21/23
  1471 | D        | Killed an elephant
  1478 | D        | Noticed a merfolk avatar
  1485 | D        | Killed a merfolk avatar
  1489 | D        | Reached skill level 15 in Axes
  1798 | D        | Reached skill level 10 in Dodging
  1810 | D        | Noticed a cane toad
  1818 | D        | Killed a cane toad
  2031 | D        | Noticed Erolcha
  2036 | D        | Killed Erolcha
  2136 | D        | Noticed a molten gargoyle
  2137 | D        | Killed a molten gargoyle
  2138 | D        | Reached XP level 11. HP: 111/111 MP: 16/25
  2304 | D        | Noticed a vampire knight
  2305 | D        | Killed a vampire knight
  2306 | D        | Reached skill level 15 in Fighting
  2457 | D        | Noticed a bog body
  2460 | D        | Killed a bog body
  2715 | D        | Noticed a merfolk avatar
  2716 | D        | Noticed a phantasmal warrior
  2718 | D        | Killed a merfolk avatar
  2730 | D        | Killed a phantasmal warrior
  2731 | D        | Reached XP level 12. HP: 60/124 MP: 12/27
  3182 | D        | Noticed a sun demon
  3202 | D        | Killed a sun demon
  3680 | D        | Noticed a minotaur
  3690 | D        | Killed a minotaur
  4001 | D        | Noticed a deep elf annihilator
  4002 | D        | Noticed a spriggan defender
  4002 | D        | Noticed a white draconian
  4002 | D        | Noticed a naga warrior
  4002 | D        | Killed a spriggan defender
  4002 | D        | Killed a deep elf annihilator
  4002 | D        | Killed a white draconian
  4002 | D        | Killed a naga warrior
  4133 | D        | Noticed an orc warlord
  4135 | D        | Noticed an orc warlord
  4135 | D        | Killed an orc warlord
  4135 | D        | Killed an orc warlord
  4136 | D        | Reached XP level 13. HP: 136/136 MP: 20/30
  4138 | D        | Noticed a vault guard
  4139 | D        | Killed a vault guard
  4140 | D        | Reached skill level 27 in Invocations
  4141 | D        | Noticed a vault guard
  4142 | D        | Noticed a vault guard
  4142 | D        | Noticed a vault guard
  4143 | D        | Killed a vault guard
  4143 | D        | Killed a vault guard
  4143 | D        | Killed a vault guard
  4374 | D        | Got the +10 broad axe of Dung {antimagic, *Rage rN+ Str+4}
  4382 | D        | Got the +1 war axe of Neutiume {drain, rPois Will- Dex+3}
  4406 | D        | Got the +3 battleaxe of Generosity {venom, +Blink Str+4}
  4632 | D        | Noticed a deep elf sorcerer
  4633 | D        | Noticed a merfolk impaler
  4633 | D        | Killed a ghost moth
  4633 | D        | Killed a merfolk impaler
  4633 | D        | Killed a deep elf sorcerer
  4633 | D        | Noticed a fire dragon
  4634 | D        | Reached skill level 15 in Dodging
  4634 | D        | Reached XP level 14. HP: 151/151 MP: 19/31
  4634 | D        | Noticed an emperor scorpion
  4635 | D        | Killed an emperor scorpion
  4651 | D        | Got Enede's Handbook of the Disjunct Blizzard
  4999 | D        | Noticed a yellow draconian
  5000 | D        | Noticed Frances
  5000 | D        | Noticed a nagaraja
  5002 | D        | Killed a nagaraja
  5002 | D        | Killed Frances
  5002 | D        | Killed a deep elf sorcerer
  5003 | D        | Noticed a green draconian monk
  5004 | D        | Noticed a yellow draconian
  5005 | D        | Noticed a purple draconian
  5007 | D        | Killed a yellow draconian
  5007 | D        | Killed a yellow draconian
  5012 | D        | Killed a green draconian monk
  5022 | D        | Noticed a deep elf sorcerer
  5025 | D        | Killed a purple draconian
  5028 | D        | Killed a deep elf demonologist
  5028 | D        | Killed a deep elf demonologist
  5029 | D        | Killed a deep elf sorcerer
  5035 | D        | Noticed a war gargoyle
  5036 | D        | Noticed a green draconian
  5036 | D        | Noticed a deep elf annihilator
  5036 | D        | Noticed a rockslime
  5038 | D        | Killed a war gargoyle
  5038 | D        | Noticed a green draconian monk
  5039 | D        | Killed a deep elf annihilator
  5039 | D        | Killed a rockslime
  5039 | D        | Killed a green draconian monk
  5039 | D        | Killed a green draconian
  5120 | D        | Noticed an acid blob
  5123 | D        | Killed an acid blob
  5143 | D        | Noticed a deep elf sorcerer
  5146 | D        | Killed a deep elf sorcerer
  5156 | D        | Got the Exposition on Wintry Debased Words
  5241 | D        | Reached XP level 15. HP: 122/168 MP: 32/32
  5283 | D        | Got the Almanac of the Coarse Sphinx
  5365 | D        | Got the ring "Tuudoss" {rElec rPois Slay+4}
  5367 | D        | Got the ring of Viry {Will+ Slay+4}
  5369 | D        | Got the amulet of the Jackalope {Reflect rN+++ Str-3 Dex+5
                  | SH+5}
  5372 | D        | Got the amulet of Munwout {Rampage Regen+ Int+3 Dex-5}
  5374 | D        | Got the ring "Casuukhla" {rF+ Will+ Dex+3}
  5376 | D        | Got the ring of Duyweekhi {Drain Fly rPois Str-2 Slay+5}
  5384 | D        | Got the ring "Oveng" {Ice SInv}
  5396 | D        | Got the ring of Karhaj {rPois rN++ Will+ Str+2 SInv}
  5398 | D        | Got the ring of Coheukio {Contam rC- Str+6 Slay+4 Stlth+}
  5400 | D        | Got the ring of Nobility {Str+3 Dex+6}
  5402 | D        | Got the ring "Bowax" {rPois rF+}
  5434 | D        | Got the ring "Baehara" {Drain rF+++ rC- Str+6 Slay+5 SInv}
  5478 | D        | Noticed a titan
  5483 | D        | Killed a titan
  5599 | D        | Noticed a death cob
  5603 | D        | Killed a death cob
  5757 | D        | Reached skill level 27 in Axes
  5759 | D        | Noticed a sphinx
  5762 | D        | Noticed a bone dragon
  5765 | D        | Paralysed by a great orb of eyes for 5 turns
  5771 | D        | Killed a bone dragon
  5772 | D        | Reached skill level 27 in Fighting
  5772 | D        | Killed a sphinx
  5772 | D        | Noticed a nagaraja
  5774 | D        | Noticed a sphinx
  5775 | D        | Killed a sphinx
  5776 | D        | Killed a nagaraja
  5955 | D        | Noticed a nagaraja
  5955 | D        | Noticed a frost giant
  5956 | D        | Killed a nagaraja
  5956 | D        | Killed a frost giant
  5971 | D        | Noticed an orc warlord
  5973 | D        | Noticed a Killer Klown
  5974 | D        | Killed a Killer Klown
  5974 | D        | Noticed a Brimstone Fiend
  5975 | D        | Identified the +3 mace "Lifebane" {freeze, rPois rN+ Str-5
                  | Dex+3}
  5975 | D        | Noticed a balrug
  5976 | D        | Killed an orc warlord
  5976 | D        | Killed a Brimstone Fiend
  5977 | D        | Reached XP level 16. HP: 183/183 MP: 13/33
  6249 | D        | Reached skill level 27 in Dodging
  6252 | D        | Reached skill level 15 in Shields
  6389 | D        | Got a silver rune of Zot
  6393 | D        | Got the ring of the Chimera {Ice rElec Int+3}
  6532 | D        | Noticed a daeva
  6534 | D        | Killed a daeva
  6598 | D        | Noticed a quicksilver dragon
  6601 | D        | Killed a quicksilver dragon
  6602 | D        | Reached XP level 17. HP: 171/191 MP: 34/34
  6685 | D        | Paralysed by a floating eye for 2 turns
  6914 | D        | Noticed a golden dragon
  6919 | D        | Killed a golden dragon
  6977 | D        | Got the +11 broad axe "Yrisofi" {pain, rElec Stlth+}
  6984 | D        | Noticed a deep elf blademaster
  6985 | D        | Noticed Cacvav the pandemonium lord
  6986 | D        | Noticed a deep elf blademaster
  6988 | D        | Killed a deep elf blademaster
  7001 | D        | Killed a deep elf blademaster
  7004 | D        | Killed Cacvav the pandemonium lord
  7415 | D        | Got the ring "Jebox" {rF+ rN+ EV+5}
  7417 | D        | Got the ring of Adofow {rPois rC+ rCorr}
  7419 | D        | Noticed Frederick
  7424 | D        | Killed Frederick
  7654 | D        | Got the amulet "Lilofeod" {Acrobat rF- rCorr Dex+3}
  7656 | D        | Got the ring of Honesty {rC+ AC+4}
  7661 | D        | Noticed an Executioner
  7667 | D        | Killed an Executioner
  7735 | D        | Noticed a golden dragon
  7741 | D        | Gained mutation: You occasionally shout uncontrollably at
                  | your foes. [a cacodemon]
  7750 | D        | Killed a golden dragon
  7991 | D        | Noticed a deep elf master archer
  7993 | D        | Killed a deep elf master archer
  8000 | D        | Noticed a golden dragon
  8000 | D        | Noticed a deep elf master archer
  8000 | D        | Noticed a deep elf master archer
  8001 | D        | Noticed a quicksilver dragon
  8002 | D        | Killed a deep elf master archer
  8002 | D        | Killed a deep elf master archer
  8002 | D        | Killed a quicksilver dragon
  8002 | D        | Killed a golden dragon
  8003 | D        | Reached skill level 27 in Shields
  8003 | D        | Reached skill level 10 in Armour
  8126 | D        | Noticed a deep elf master archer
  8127 | D        | Killed a deep elf master archer
  8147 | D        | Noticed a deep elf master archer
  8150 | D        | Killed a deep elf master archer
  8210 | D        | Noticed a Tzitzimitl
  8218 | D        | Reached skill level 15 in Armour
  8223 | D        | Killed a Tzitzimitl
  8472 | D        | Noticed Boris
  8473 | D        | Noticed an Executioner
  8474 | D        | Noticed a bone dragon
  8474 | D        | Noticed Xtahua
  8477 | D        | Killed Boris
  8478 | D        | Reached XP level 18. HP: 200/200 MP: 19/35
  8482 | D        | Killed a bone dragon
  8487 | D        | Killed Xtahua
  8604 | D        | Noticed an Orb Guardian
  8604 | D        | Noticed an Orb Guardian
  8604 | D        | Noticed an Orb Guardian
  8604 | D        | Noticed an Orb Guardian
  8604 | D        | Noticed Margery
  8604 | D        | Noticed a Brimstone Fiend
  8606 | D        | Noticed an Orb Guardian
  8606 | D        | Noticed Lom Lobon
  8607 | D        | Killed an Orb Guardian
  8607 | D        | Killed an Orb Guardian
  8607 | D        | Killed Margery
  8607 | D        | Killed a Brimstone Fiend
  8607 | D        | Killed an Orb Guardian
  8608 | D        | Killed an Orb Guardian
  8612 | D        | Noticed an Orb Guardian
  8612 | D        | Noticed an Orb Guardian
  8613 | D        | Killed an Orb Guardian
  8614 | D        | Noticed a profane servitor
  8615 | D        | Noticed a hellephant
  8615 | D        | Killed an Orb Guardian
  8617 | D        | Killed an Orb Guardian
  8621 | D        | Killed Lom Lobon
  8621 | D        | Killed a profane servitor
  8626 | D        | Killed a hellephant
  8627 | D        | Reached skill level 27 in Armour
  8987 | D        | Noticed an Orb Guardian
  8989 | D        | Noticed an Orb Guardian
  8998 | D        | Killed an Orb Guardian
  8999 | D        | Reached skill level 5 in Evocations
  9001 | D        | Killed an Orb Guardian
  9004 | D        | Noticed an Orb Guardian
  9018 | D        | Killed an Orb Guardian
  9023 | D        | Found the +13 sceptre of Asmodeus
  9023 | D        | Noticed Asmodeus
  9027 | D        | Killed an Ice Fiend
  9046 | D        | Killed Asmodeus
  9047 | D        | Reached skill level 15 in Evocations
  9047 | D        | Noticed a Hell Sentinel
  9049 | D        | Noticed an Orb Guardian
  9052 | D        | Killed an Orb Guardian
  9054 | D        | Noticed an ancient lich
  9063 | D        | Killed an ancient lich
  9065 | D        | Killed a Hell Sentinel
  9065 | D        | Noticed Dissolution
  9071 | D        | Paralysed by a great orb of eyes for 5 turns
  9076 | D        | Noticed an Orb Guardian
  9080 | D        | Killed an Orb Guardian
  9082 | D        | Killed Dissolution
  9083 | D        | Reached XP level 19. HP: 90/207 MP: 9/36
  9553 | D        | Noticed an ancient lich
  9555 | D        | Noticed an orb of fire
  9558 | D        | Noticed Ynobb the pandemonium lord
  9559 | D        | Killed an ancient lich
  9566 | D        | Noticed Louise
  9570 | D        | Noticed a Tzitzimitl
  9575 | D        | Gained mutation: You are dopey. (Int -2) [an orb of fire]
  9579 | D        | Gained mutation: You expend magic power (3 MP) to
                  | strengthen your wands. [an orb of fire]
  9583 | D        | Gained mutation: You occasionally lose the ability to read
                  | scrolls when taking damage. [an orb of fire]
  9585 | D        | Killed Ynobb the pandemonium lord
  9585 | D        | Gained mutation: You have hidden genetic defects. [an orb
                  | of fire]
  9586 | D        | Killed Louise
  9587 | D        | Gained mutation: Your magical capacity is low. (-10% MP)
                  | [an orb of fire]
  9588 | D        | Gained mutation: You are clumsy. (Dex -2) [an orb of fire]
  9589 | D        | Noticed a royal mummy
  9590 | D        | Killed a Tzitzimitl
  9592 | D        | Killed an orb of fire
  9593 | D        | Noticed an electric golem
  9594 | D        | Killed an electric golem
  9603 | D        | Killed a royal mummy
  9604 | D        | Reached skill level 27 in Evocations
  9606 | D        | Gained mutation: You are frail. (-10% HP) [hidden defects]
  9876 | D        | Lost mutation: You occasionally lose the ability to read
                  | scrolls when taking damage. [potion of mutation]
  9876 | D        | Lost mutation: You expend magic power (3 MP) to strengthen
                  | your wands. [potion of mutation]
  9876 | D        | Gained mutation: Your muscles are strong. (Str +4, Int/Dex
                  | -1) [potion of mutation]
  9877 | D        | Lost mutation: Your muscles are strong. (Str +4, Int/Dex
                  | -1) [potion of mutation]
  9877 | D        | Lost mutation: You are frail. (-10% HP) [potion of
                  | mutation]
  9877 | D        | Gained mutation: You have large cloven feet. [potion of
                  | mutation]
  9877 | D        | Gained mutation: You are partially covered in large bone
                  | plates. (SH +4) [potion of mutation]
  9877 | D        | Gained mutation: You are partially covered in iridescent
                  | scales. (AC +2) [potion of mutation]
  9890 | D        | Reached skill level 5 in Maces & Flails
  9904 | D        | Noticed Uloedais the pandemonium lord
  9907 | D        | Reached skill level 10 in Maces & Flails
  9907 | D        | Killed Uloedais the pandemonium lord
  9908 | D        | Noticed Nikola
  9909 | D        | Noticed a royal mummy
  9910 | D        | Killed Nikola
  9910 | D        | Killed a royal mummy
  9916 | D        | Noticed Sayvep the pandemonium lord
  9922 | D        | Gained mutation: Your body sometimes deteriorates upon
                  | taking damage. [hidden defects]
  9922 | D        | Lost mutation: You have hidden genetic defects. [hidden
                  | defects expressed]
  9928 | D        | Killed Sayvep the pandemonium lord
 10510 | D        | Noticed an ancient lich
 10510 | D        | Noticed an orb of fire
 10512 | D        | Killed an ancient lich
 10514 | D        | Gained mutation: You occasionally lose the ability to read
                  | scrolls when taking damage. [an orb of fire]
 10518 | D        | Gained mutation: Your body often deteriorates upon taking
                  | damage. [an orb of fire]
 10520 | D        | Gained mutation: You are strong-willed. (Will+) [an orb of
                  | fire]
 10523 | D        | Killed an orb of fire
 10528 | D        | Reached XP level 20. HP: 188/216 MP: 26/33
 10579 | D        | Noticed an electric golem
 10585 | D        | Killed an electric golem
 10675 | D        | Noticed a royal mummy
 10684 | D        | Killed a royal mummy
 10929 | D        | Noticed an ancient lich
 10933 | D        | Killed an ancient lich
 10936 | D        | Noticed an ancient lich
 10942 | D        | Killed an ancient lich
 10943 | D        | Reached skill level 27 in Maces & Flails
 10943 | D        | Reached skill level 5 in Unarmed Combat
 11193 | D        | Identified the +0 great mace "Arcanum" {heavy, rElec rF-
                  | Int-5 Stlth+}
 11197 | D        | Reached XP level 21. HP: 181/224 MP: 10/34
 11215 | D        | Reached skill level 27 in Stealth
 11362 | D        | Got the amulet "Nyzuuqet" {*Slow rPois Regen+ Int+8 Dex+4}
 11362 | D        | Got the Cyclopedia of the Feculent Plateau
 11366 | D        | Got a golden rune of Zot
 11373 | D        | Got the Annotations on Venom and Transposition
 11734 | D        | Noticed a royal mummy
 11744 | D        | Killed a royal mummy
 11745 | D        | Reached skill level 10 in Polearms
 11763 | D        | Noticed a royal mummy
 11774 | D        | Killed a royal mummy
 11975 | D        | Noticed an orb of fire
 11987 | D        | Gained mutation: You are frail. (-10% HP) [an orb of fire]
 11991 | D        | Killed an orb of fire
 12056 | D        | Noticed Leuli the pandemonium lord
 12073 | D        | Killed Leuli the pandemonium lord
 12390 | D        | Noticed Feiterpho the pandemonium lord
 12392 | D        | Noticed Jory
 12392 | D        | Noticed a pearl dragon
 12397 | D        | Killed Feiterpho the pandemonium lord
 12397 | D        | Killed a pearl dragon
 12416 | D        | Killed Jory
 12758 | D        | Noticed Mnoleg
 12762 | D        | Killed Mnoleg
 12929 | D        | Noticed an orb of fire
 12939 | D        | Killed an orb of fire
 12969 | D        | Gained mutation: You frequently scream uncontrollably at
                  | your foes. [a cacodemon]
 12980 | D        | Noticed Larcha the pandemonium lord
 12987 | D        | Killed Larcha the pandemonium lord
 13099 | D        | Noticed an orb of fire
 13099 | D        | Noticed Mennas
 13108 | D        | Gained mutation: You sometimes lose the ability to read
                  | scrolls when taking damage. [an orb of fire]
 13114 | D        | Killed an orb of fire
 13115 | D        | Reached skill level 27 in Polearms
 13160 | D        | Killed Mennas
 13799 | D        | Noticed Likujuuc the pandemonium lord
 13801 | D        | Killed Likujuuc the pandemonium lord
 13802 | D        | Reached skill level 10 in Shapeshifting
 13933 | D        | Noticed a pearl dragon
 13940 | D        | Killed a pearl dragon
 14233 | D        | Got the amulet of Yleigg {RegenMP rF- MP+9 Int-3 SInv}
 14235 | D        | Got the ring "Xerigoe" {rPois rN+}
 14240 | D        | Got an iron rune of Zot
 14246 | D        | Got the amulet "Gyotuny" {Spirit Str+3 Dex+2 SInv}
 14250 | D        | Got the ring "Ifoosegu" {Fire Will+}
 14254 | D        | Got the ring of Woynn {rN+ MP+9 Str+3 SInv}
 14338 | D        | Noticed an orb of fire
 14339 | D        | Gained mutation: Your magical capacity is very low. (-20%
                  | MP) [an orb of fire]
 14348 | D        | Killed an orb of fire
 14410 | D        | Noticed a profane servitor
 14425 | D        | Killed a profane servitor
 14524 | D        | Got the Volume of Leadership
 14537 | D        | Got Pibiuv's Almanac of the Graveyard
 14549 | D        | Got the ring of Udeilin {rElec rPois rF- Will+ Int+2}
 14551 | D        | Got the ring "Gigh" {Will+ Int+2}
 14553 | D        | Got the ring "Loanuf" {Str+6 Stlth+}
 14555 | D        | Got the ring "Xamnucs" {rPois AC+6}
 14558 | D        | Got the ring of the Mertaur {rCorr Int+6 Dex+2}
 14809 | D        | Lost mutation: You sometimes lose the ability to read
                  | scrolls when taking damage. [potion of mutation]
 14809 | D        | Lost mutation: You are partially covered in iridescent
                  | scales. (AC +2) [potion of mutation]
 14810 | D        | Lost mutation: You are partially covered in large bone
                  | plates. (SH +4) [potion of mutation]
 14810 | D        | Lost mutation: You frequently scream uncontrollably at your
                  | foes. [potion of mutation]
 14810 | D        | Lost mutation: You occasionally lose the ability to read
                  | scrolls when taking damage. [potion of mutation]
 14810 | D        | Gained mutation: You expend magic power (3 MP) to
                  | strengthen your wands. [potion of mutation]
 14811 | D        | Lost mutation: You occasionally shout uncontrollably at
                  | your foes. [potion of mutation]
 14811 | D        | Lost mutation: You are frail. (-10% HP) [potion of
                  | mutation]
 14893 | D        | Got the Orb of Zot
 14947 | D        | Reached skill level 15 in Shapeshifting
 15150 | D        | Reached XP level 22. HP: 233/233 MP: 31/31
 15163 | D        | Noticed Jismuum the pandemonium lord
 15173 | D        | Killed Jismuum the pandemonium lord
 15469 | D        | Noticed Boris
 15480 | D        | Killed Boris
 15639 | D        | Noticed Niclotaulo the pandemonium lord
 15641 | D        | Noticed Herul the pandemonium lord
 15644 | D        | Killed Herul the pandemonium lord
 15658 | D        | Killed Niclotaulo the pandemonium lord
 16112 | D        | Noticed Cedo the pandemonium lord
 16122 | D        | Killed Cedo the pandemonium lord
 16181 | D        | Gained mutation: Armour fits poorly on your strangely
                  | shaped body. [a cacodemon]
 16185 | D        | Gained mutation: You are vulnerable to cold. (rC-) [a
                  | cacodemon]
 16253 | D        | Reached skill level 27 in Shapeshifting
 16278 | D        | Noticed Sedipn the pandemonium lord
 16289 | D        | Reached skill level 5 in Spellcasting
 16291 | D        | Killed Sedipn the pandemonium lord
 16426 | D        | Noticed an ancient lich
 16432 | D        | Killed an ancient lich
 16433 | D        | Reached skill level 10 in Spellcasting
 16683 | D        | Reached skill level 15 in Spellcasting
 16730 | D        | Noticed Obrourog the pandemonium lord
 16744 | D        | Killed Obrourog the pandemonium lord
 16884 | D        | Reached XP level 23. HP: 163/240 MP: 35/35
 16900 | D        | Escaped with the Orb!

Illustrated notes

Levels and vault maps discovered:
D:        pitsprint [storerooms_1, entrance_room_1, metal_vault_5, armoury_1,
          mini_pit_1, grid_room_1, main_hall_1, silver_pit, the_coven_3,
          the_vestibule_1, steel_vault_2, golden_pit, hallway_of_sentries,
          crystal_vault_6, iron_vault_4, final_vault]

Skill      XL: |  1  2  3  4  5  6  7  8  9 10 11 12 13 14 15 16 17 18 19 20 21 22 |
---------------+-------------------------------------------------------------------+-----
Fighting       | 4 5 6 8 10 11 12 14 16 18 21 24 27 | 27.0
Axes           | 5 6 7 8 9 11 12 14 16 17 20 23 26 27 | 27.0
Dodging        | 3 4 5 6 7 8 9 10 11 13 15 18 23 27 | 27.0
Invocations    | 3 6 10 11 13 15 18 21 23 26 27 | 27.0
Shields        | 17 27 | 27.0
Armour         | 18 27 | 27.0
Evocations     | 20 27 | 27.0
Maces & Flails | 24 27 | 27.0
Unarmed Combat | 7 |  7.7
Stealth        | 26 27 | 27.0
Polearms       | 27 | 27.0
Shapeshifting  | 16 27 | 27.0
Spellcasting   | 17 | 17.7

Action                     |  1- 3 |  4- 6 |  7- 9 | 10-12 | 13-15 | 16-18 | 19-21 | 22-24 || total
---------------------------+-------+-------+-------+-------+-------+-------+-------+-------++-------
  Melee: Hand axe          |    24 |    19 |    49 |       |       |       |       |       ||    92
         Broad axe         |       |       |     6 |    64 |    47 |   190 |   388 |   278 ||   973
         Eveningstar       |       |       |       |       |       |       |     8 |       ||     8
 Invoke: Disaster Area     |       |       |     1 |    12 |    17 |    20 |    18 |     5 ||    73
         Upheaval          |       |       |     2 |     1 |     4 |     2 |    10 |       ||    19
         Elemental Force   |       |       |       |       |       |     2 |     1 |       ||     3
    Use: Potion            |     2 |     1 |     2 |     6 |     1 |     6 |    14 |       ||    32
         Scroll            |       |       |       |     6 |       |     5 |       |       ||    11
   Stab: Distracted        |       |       |       |       |       |     5 |       |       ||     5
         Paralysed         |       |       |       |       |       |     2 |       |       ||     2
 Armour: Robe              |    15 |     3 |       |       |       |       |       |       ||    18
         Chain mail        |       |    23 |    50 |    57 |    37 |    17 |       |       ||   184
         Gold dragon scale |       |       |       |       |       |    83 |   101 |    77 ||   261
  Dodge: Dodged            |    21 |    13 |    26 |    43 |    20 |    67 |    68 |    66 ||   324
         Repelled          |       |       |     1 |       |     2 |     6 |     3 |     1 ||    13
  Block: Orb               |     1 |     3 |    18 |    24 |     1 |       |       |       ||    47
         Tower shield      |       |       |       |       |    44 |   257 |   422 |   386 ||  1109
         Reflection        |       |       |       |       |     1 |     9 |    13 |     4 ||    27

Table legend: (Time is in decaauts) A = Elapsed time spent in this place. B = Non-inter-level travel time spent in this place. C = Inter-level travel time spent in this place. D = Time resting spent in this place. E = Time spent auto-exploring this place. F = Levels seen in this place. G = Mean time per level. A B C D E F G +--------+--------+--------+--------+--------+-----+--------+ Total | 16701 | 16493 | 208 | 11920 | 480 | 1 | 16701.0 | Dungeon | 16701 | 16493 | 208 | 11920 | 480 | 1 | 16701.0 | +--------+--------+--------+--------+--------+-----+--------+

Top non-repeatable levels by time:
       D: 16701 daAuts
